Map: New Gettysburg LE

Players

Tanagra

  • Race: Zerg Zerg
  • League: Diamond

UnDieAble - Winner!

  • Race: Zerg Zerg
  • League: Master

VOD

Have the link to the VOD?

Description

Time

  • Played on: Nov. 18, 2016, 8:03 a.m.
  • Length: 11:28
Show
View Real Time Build Order
Export as new Build Order

Tanagra Zerg 

Build Orders: Pool First 

Get SALT Encoding   

  12  0:01  Drone  
  13  0:13  Overlord  
  13  0:18  Drone  
  14  0:31  Drone x2  
  16  0:36  Extractor  
  15  0:45  Spawning Pool  
  15  0:49  Drone  
  15  0:53  Drone  
  17  0:57  Drone  
  17  1:19  Hatchery  
  17  1:22  Drone  
  17  1:27  Drone  
  18  1:39  Queen  
  20  1:43  Zergling x2  
  20  1:46  Zergling x2  
  22  1:53  Overlord  
  22  2:05  Spine Crawler  
  22  2:07  Zergling x2  
  21  2:16  Zergling x2  
  21  2:22  Zergling x2  
  23  2:32  Zergling x2  
  24  2:38  Baneling Nest  
  24  2:40  Zergling x2  
  24  2:44  Zergling x2  
  24  2:45  Zergling x2  
  21  2:59  Zergling x2  
  22  3:07  Zergling x2  
  22  3:08  Zergling x4  
  23  3:18  Queen  
  23  3:23  Baneling  
  23  3:25  Baneling x2  
  23  3:29  Drone  
  24  3:38  Drone  
  25  3:54  Hatchery  
  24  4:11  Drone x3  
  27  4:22  Overlord  
  27  4:32  Drone x3  
  30  4:41  Drone  
  31  4:53  Drone  
  32  5:07  Drone  
  32  5:08  Drone x3  
  32  5:11  Queen  
  38  5:21  Drone x3  
  40  5:31  Roach Warren  
  40  5:33  Hatchery  
  40  5:35  Lair  
  38  5:42  Drone x2  
  40  5:45  Extractor  
  40  5:47  Extractor, Drone x2  
  40  5:48  Zergling x2  
  41  5:54  Queen  
  43  5:58  Overlord  
  43  6:02  Overlord  
  43  6:17  Drone  
  43  6:18  Drone x4  
  48  6:20  Roach, Overlord  
  48  6:25  Roach  
  52  6:27  Roach  
  54  6:33  Overlord  
  54  6:38  Drone x2  
  54  6:39  Drone  
  57  6:42  Extractor  
  57  6:43  Glial Reconstitution  
  57  6:46  Evolution Chamber  
  55  6:49  Hydralisk Den  
  54  6:55  Roach x2  
  54  6:56  Roach  
  54  7:00  Drone x2  
  62  7:12  Spine Crawler, Zerg Missile Weapons Level 1  
  61  7:15  Overlord  
  61  7:18  Hydralisk  
  61  7:22  Muscular Augments  
  63  7:24  Hydralisk  
  63  7:28  Hydralisk  
  67  7:31  Drone  
  67  7:34  Drone  
  67  7:35  Drone  
  67  7:36  Drone  
  71  7:40  Drone x2  
  71  7:42  Drone  
  71  7:43  Drone  
  75  7:45  Drone  
  75  7:47  Drone  
  77  7:52  Drone  
  77  7:53  Drone x2  
  77  7:54  Drone  
  77  7:57  Overlord  
  81  8:00  Overlord  
  81  8:03  Overlord  
  81  8:07  Overlord  
  81  8:15  Spore Crawler x2  
  81  8:17  Spore Crawler  
  81  8:19  Hydralisk x2  
  68  8:36  Hydralisk  
  68  8:37  Hydralisk x4  
  75  8:41  Drone, Hydralisk  
  75  8:43  Drone  
  72  8:51  Hydralisk  
  72  8:52  Hydralisk x2  
  70  9:03  Hydralisk  
  70  9:04  Hydralisk x2  
  76  9:10  Hydralisk x2  
  76  9:16  Hydralisk  
  79  9:30  Hydralisk x4  
  87  9:48  Hatchery  
  87  9:52  Drone x4  
  90  10:01  Hydralisk x2  
  64  10:22  Hydralisk x5  
  74  10:35  Spore Crawler  
  69  10:57  Hydralisk x6  
  58  11:01  Drone x3  
  69  11:09  Spore Crawler  
Show
View Real Time Build Order
Export as new Build Order

UnDieAble Zerg - Winner!

Build Orders: Pool First, Muta Ling Bane 

Get SALT Encoding   

  12  0:07  Extractor  
  11  0:20  Spawning Pool  
  10  0:25  Drone  
  11  0:34  Drone  
  12  0:37  Drone  
  13  0:50  Overlord  
  13  1:09  Metabolic Boost  
  13  1:11  Zergling x4  
  14  1:16  Zergling x2  
  16  1:31  Queen  
  18  1:36  Zergling x2  
  18  1:39  Zergling x2  
  20  1:51  Baneling Nest  
  19  1:55  Zergling x2  
  19  1:59  Zergling x2  
  21  2:05  Zergling x2  
  22  2:18  Overlord  
  21  2:42  Drone x2  
  22  3:00  Drone x3  
  22  3:19  Zergling x6  
  24  3:20  Zergling x2  
  23  3:32  Zergling x2  
  24  3:35  Hatchery  
  24  3:41  Baneling x2  
  23  3:46  Queen  
  25  3:52  Drone  
  25  3:53  Drone  
  27  4:06  Zergling x2  
  27  4:07  Zergling x2  
  29  4:22  Lair  
  29  4:27  Extractor  
  29  4:28  Drone  
  29  4:30  Overlord  
  29  4:50  Drone x3  
  29  4:51  Drone  
  33  4:54  Drone  
  34  5:04  Drone x3  
  34  5:05  Drone  
  38  5:10  Overlord  
  38  5:14  Extractor  
  38  5:20  Drone x2  
  39  5:28  Spire  
  37  5:32  Drone  
  37  5:33  Drone  
  39  5:37  Drone  
  40  5:43  Drone  
  40  5:46  Drone x2  
  40  5:48  Drone  
  44  5:51  Drone  
  44  5:53  Drone  
  44  5:56  Drone  
  47  6:01  Extractor  
  47  6:04  Drone x3  
  48  6:10  Overlord  
  49  6:16  Drone  
  49  6:17  Drone  
  49  6:18  Overlord  
  51  6:40  Mutalisk, Hatchery, Zerg Flyer Weapons Level 1  
  51  6:41  Mutalisk  
  55  6:47  Drone  
  55  6:48  Mutalisk  
  55  6:51  Mutalisk  
  59  6:54  Mutalisk  
  59  6:58  Overlord  
  61  7:02  Mutalisk  
  61  7:05  Mutalisk  
  65  7:10  Mutalisk  
  67  7:17  Drone x2  
  70  7:22  Drone  
  70  7:23  Drone  
  70  7:24  Mutalisk x2  
  75  7:31  Overlord  
  75  7:51  Extractor  
  75  7:52  Extractor  
  75  7:55  Evolution Chamber  
  75  7:56  Evolution Chamber, Drone  
  72  7:59  Queen, Roach Warren  
  72  8:03  Mutalisk x4  
  81  8:05  Mutalisk  
  81  8:09  Mutalisk  
  85  8:24  Zergling x8  
  85  8:26  Overlord x2  
  89  8:52  Drone x3  
  89  8:53  Drone x3  
  95  8:59  Glial Reconstitution, Zerg Missile Weapons Level 1, Zerg Ground Armor Level 1  
  95  9:00  Overlord x3  
  95  9:15  Overlord x4  
  93  9:41  Roach x3  
  93  9:42  Roach x6  
  111  9:47  Centrifical Hooks  
  111  9:52  Baneling x4  
  111  9:55  Baneling x4  
  111  9:56  Baneling  
  111  9:57  Baneling  
  111  9:58  Baneling  
  91  10:21  Drone  
  91  10:22  Drone x12  
  91  10:23  Drone  
  91  10:28  Drone x2  
  106  10:32  Drone x2  
  106  10:33  Drone  
  109  10:38  Queen  
Tags
 
Add a new tag
Caveats
  • Supply blocks, unpowered buildings, or Contaminate may cause inaccurate times.
  • Supply counts are checked every 10 seconds.